 Dungeon Crawl Stone Soup version 0.21-a0-142-gdd972a7 (webtiles) character file.

3610 Dominolapin the Carver (level 9, -5/79 HPs)
             Began as a Centaur Warper on July 23, 2017.
             Was a Priest of Okawaru.
             Slain by a seven-headed hydra (16 damage)
             ... on level 7 of the Dungeon.
             The game lasted 00:18:23 (10766 turns).

Dominolapin the Carver (Centaur Warper)            Turns: 10766, Time: 00:18:24

Health: -5/79      AC:  9    Str: 14    XL:     9   Next: 86%
Magic:  11/11      EV: 10    Int: 12    God:    Okawaru [***...]
Gold:   483        SH:  0    Dex: 21    Spells: 9/11 levels left

rFire    . . .     SeeInvis .   a - +0 shortbow
rCold    . . .     Gourm    +   (shield currently unavailable)
rNeg     . . .     Faith    .   x - +2 leather armour
rPois    .         Spirit   .   u - +2 helmet
rElec    .         Reflect  .   (no cloak)
rCorr    .         Harm     .   (no gloves)
MR       .....                  (no barding)
Stlth    +.........             s - amulet of the gourmand
HPRegen  0.23/turn              i - +3 ring of dexterity
MPRegen  0.12/turn              X - +6 ring of dexterity

@: very quick
A: hooves 3, deformed body, speed 2, tough skin 3
a: Heroism, Renounce Religion


You were on level 7 of the Dungeon.
You worshipped Okawaru.
Okawaru was most pleased with you.
You were completely stuffed.

You visited 1 branch of the dungeon, and saw 7 of its levels.
You also visited: Sewer.

You collected 483 gold pieces.


Innate Abilities, Weirdness & Mutations

You have hooves in place of feet.
Armour fits poorly on your strangely shaped body.
You cover ground very quickly.
You have extremely tough skin. (AC +3)


   Skills:
 - Level 7.5 Fighting
 - Level 10.2 Long Blades
 + Level 1.3 Bows
 - Level 1.1 Throwing
 - Level 0.6 Armour
 - Level 1.3 Dodging
 - Level 1.5 Spellcasting
 - Level 5.3 Translocations


You had 9 spell levels left.
You knew the following spells:

 Your Spells              Type           Power        Failure   Level  Hunger
a - Blink                 Tloc           N/A          6%          2    ###....

Inventory:

Hand Weapons
 a - a +0 shortbow (weapon)
 b - a +3 falchion of electrocution
Missiles
 e - 5 tomahawks of dispersal {=f}
 h - 3 tomahawks
 F - 15 arrows (quivered)
Armour
 u - a +2 helmet (worn)
 x - a +2 leather armour (worn)
Jewellery
 i - a +3 ring of dexterity (left hand)
 s - an amulet of the gourmand (around neck)
 S - a +4 ring of strength
 W - an uncursed ring of magical power
 X - a +6 ring of dexterity (right hand)
Wands
 j - a wand of lightning (0/15)
 y - a wand of iceblast (0/15)
Scrolls
 d - 4 scrolls of blinking
 k - 5 scrolls of fog
 m - a scroll of amnesia
 o - 4 scrolls of teleportation {@r4}
 q - 5 scrolls of recharging
 v - a scroll of magic mapping
 C - 2 scrolls of holy word
Potions
 l - a potion of ambrosia {unknown}
 p - 2 potions of curing {@q1}
 r - a potion of brilliance
 w - 2 potions of heal wounds {@q2}
 z - a potion of resistance
 A - 6 potions of magic
 B - a potion of mutation {unknown}
 D - a potion of might {unknown}
 E - a potion of agility
 G - a potion of flight {unknown}
Books
 c - a book of Spatial Translocations

   Spells                             Type                      Level
   a - Blink                          Translocation                2
   b - Shroud of Golubria             Charms/Translocation         2
   c - Lesser Beckoning               Translocation                3
   d - Gell's Gravitas                Translocation                3
   e - Teleport Other                 Translocation                3
   f - Passage of Golubria            Translocation                4
Comestibles
 f - 5 bread rations {@e1}
 g - 5 meat rations {@e1}
 n - 4 royal jellies {@e3}
 t - 4 fruits {@e2}

Dungeon Overview and Level Annotations

Branches:
Dungeon (7/15)             Temple (0/1) D:6

Altars:
Ashenzari
Dithmenos
Elyvilon
Fedhas
Hepliaklqana
Okawaru
Ru
Trog
Uskayaw
Vehumet
Wu Jian
Xom
Zin

Shops:
D:7

(
#.....#####...###.####....#######
#.....D..####......##..####
#..#####.#.>..........## # #©..#
#..#.#####.....## # #.S.##
##.#..#####.....### # #.#.S#
#..#.............####### #.##.##
##.######.#............D #D##..#
#..#####.#..##.##.....# .S###.#
##...#.@.##..#.# ###.## .####S#
###..D#####...# . ....#D# ##.(#
##..### # ....#.#
#.W######....### # ....#.######
#.<....####....## # ...........#
#.####W# ##....####
.......###.###.# #.# ####...#.
####.#.....##..# #.## #...#.
#..###.....## #W.#### ##..).


You could see a seven-headed hydra and a phantom.


Message History

Press: ? - help, Shift-Dir - straight line, f - leopard gecko
Aim: a leopard gecko (clinging)
The mass of ice explodes!
The iceblast engulfs the leopard gecko.
You kill the leopard gecko!
Okawaru accepts your kill.
The iceblast engulfs the seven-headed hydra.
The seven-headed hydra is severely wounded.
Evoking this partially-identified wand wasted a few charges.
Evoke which item? (* to show all) (? for menu, Esc to quit)
Aiming: Iceblast (will waste charges)
Press: ? - help, Shift-Dir - straight line, f - seven-headed hydra
Aim: a seven-headed hydra (severely wounded)
The mass of ice explodes!
The iceblast engulfs the seven-headed hydra.
The seven-headed hydra is almost dead.
Evoking this partially-identified wand wasted a few charges.
Evoke which item? (* to show all) (? for menu, Esc to quit)
Aiming: Iceblast (will waste charges)
Press: ? - help, Shift-Dir - straight line, f/p - seven-headed hydra
Aim: a seven-headed hydra (almost dead) Nothing appears to happen.
Your +3 falchion of electrocution stops crackling.
a - a +0 shortbow (weapon)
Firing (i - inventory. (,) - cycle):
F - 16 arrows (quivered)
Press: ? - help, Shift-Dir - straight line, f/p - seven-headed hydra
Aim: a seven-headed hydra (severely wounded)
You shoot an arrow. The arrow hits the seven-headed hydra!
The seven-headed hydra is almost dead.
The seven-headed hydra bites you!
You die...

Skill      XL: |  1  2  3  4  5  6  7  8  9 |
---------------+----------------------------+-----
Long Blades    | 2 3 7 10 | 10.2
Fighting       | 3 4 5 6 7 |  7.5
Translocations | 3 5 |  5.3
Bows           | 1 |  1.3
Throwing       | |  1.1
Armour         | |  0.6
Dodging        | |  1.3
Spellcasting   | |  1.5

Action                   |  1- 3 |  4- 6 |  7- 9 || total
-------------------------+-------+-------+-------++-------
Melee: Falchion          |   151 |    15 |   218 ||   384
       Kick              |    25 |    39 |   115 ||   179
       Spear             |       |   179 |   118 ||   297
 Fire: Shortbow          |       |       |     6 ||     6
 Cast: Blink             |     2 |       |     1 ||     3
Invok: Heroism           |       |       |     2 ||     2
Evoke: Wand              |       |       |     9 ||     9
  Use: Potion            |     1 |       |     2 ||     3
       Scroll            |       |    12 |    11 ||    23
 Stab: Sleeping          |       |       |     6 ||     6
  Eat: Chunk             |    14 |    13 |    16 ||    43
Armor: Leather armour    |    43 |    54 |   147 ||   244
Dodge: Dodged            |    69 |    68 |   153 ||   290
       Rpst.: Falchion   |    18 |     2 |    26 ||    46

Vault maps used:
D:1:      lemuel_arrival_funnel
D:2:      minmay_split_cup_large, uniq_robin
D:3:      nicolae_overflow_hidden_temple, lemuel_doored_altar, vehumet_crystals,
          grunt_temple_overflow_open, chequers_ecumenical_altar_simple_redux,
          first_bread
D:4:      kennysheep_little_box
D:5:      cheibrodos_iron_armory, marbit_many_paths, doesnt_xom_only_xom
D:6:      minmay_temple_entry_from_below_b, portal_sewer_entry_e,
          enter_ossuary_4, uniq_duvessa
D:7:      gammafunk_temple_overflow_arena, kennysheep_mini, serial_shops,
          shop_statue
Sewer:    sewer_co_15_rooms

Notes
Turn   | Place    | Note
-------+----------+-------------------------------------------
     0 | D:1      | Dominolapin the Centaur Warper began the quest for the Orb.
     0 | D:1      | Reached XP level 1. HP: 17/17 MP: 3/3
    88 | D:1      | Reached skill level 2 in Long Blades
    97 | D:1      | Reached XP level 2. HP: 16/25 MP: 4/4
   936 | D:2      | Reached XP level 3. HP: 26/30 MP: 5/5
  1063 | D:2      | Reached skill level 3 in Fighting
  1435 | D:2      | Learned a level 2 spell: Blink
  1448 | D:2      | Reached skill level 3 in Long Blades
  1682 | D:2      | Noticed Robin
  2034 | D:2      | Reached XP level 4. HP: 33/38 MP: 6/6
  2062 | D:2      | Killed Robin
  2564 | D:3      | Reached skill level 4 in Fighting
  2621 | D:3      | Noticed Dominolapin's ghost (amateur BaAM)
  2644 | D:3      | HP: 4/40 [orc priest/nerve-wracking pain (11)]
  2994 | D:2      | Reached XP level 5. HP: 11/47 MP: 7/7
  3296 | D:3      | Found a glowing silver altar of Zin.
  3296 | D:3      | Found a hide-covered altar of Uskayaw.
  3301 | D:3      | Found a shimmering altar of Xom.
  3418 | D:3      | Killed Dominolapin's ghost
  3418 | D:3      | Reached skill level 5 in Fighting
  3647 | D:3      | Found a radiant altar of Vehumet.
  3683 | D:3      | Found a faded altar of an unknown god.
  3824 | D:3      | Found a hazy altar of Hepliaklqana.
  4009 | D:4      | Noticed an ogre
  4022 | D:4      | Reached XP level 6. HP: 57/57 MP: 8/8
  4037 | D:4      | Reached skill level 6 in Fighting
  4037 | D:4      | Reached skill level 3 in Translocations
  4743 | D:4      | Found an iron altar of Okawaru.
  4762 | D:3      | Found a shadowy altar of Dithmenos.
  4788 | D:4      | Became a worshipper of Warmaster Okawaru
  5407 | D:5      | Entered Level 5 of the Dungeon
  5434 | D:5      | Noticed a sky beast
  5445 | D:5      | Killed a sky beast
  5755 | D:5      | Reached XP level 7. HP: 49/64 MP: 9/9
  5762 | D:5      | Reached skill level 4 in Translocations
  6329 | D:5      | Reached skill level 7 in Fighting
  6728 | D:5      | Reached * piety under Okawaru
  6728 | D:5      | Reached skill level 5 in Translocations
  6833 | D:5      | Found a hide-covered altar of Uskayaw.
  6835 | D:5      | Found a white marble altar of Elyvilon.
  6835 | D:5      | Found a sacrificial altar of Ru.
  6837 | D:5      | Found a shimmering altar of Xom.
  6837 | D:5      | Found a bloodstained altar of Trog.
  6837 | D:5      | Found a shattered altar of Ashenzari.
  7051 | D:5      | Found a shattered altar of Ashenzari.
  7163 | D:6      | Reached XP level 8. HP: 54/73 MP: 10/10
  7259 | D:6      | Found a staircase to the Ecumenical Temple.
  7612 | D:6      | Reached skill level 4 in Long Blades
  7631 | D:6      | Found a glowing drain.
  7641 | Sewer    | Entered a sewer
  7737 | Sewer    | Noticed Gorglomux's ghost (amateur HOWz)
  7749 | Sewer    | Killed Gorglomux's ghost
  7749 | Sewer    | Reached skill level 5 in Long Blades
  7821 | Sewer    | Reached ** piety under Okawaru
  8264 | D:6      | Noticed Duvessa
  8266 | D:6      | Noticed Dowan
  8274 | D:6      | Killed Duvessa
  8274 | D:6      | Reached skill level 6 in Long Blades
  8280 | D:6      | Killed Dowan
  8566 | D:7      | Found a transporter.
  8585 | D:7      | Found a transporter.
  8588 | D:7      | Noticed a two-headed ogre
  8588 | D:7      | Noticed a seven-headed hydra
  8588 | D:7      | Found a blossoming altar of Fedhas.
  8850 | D:7      | Found Taceugh's Antique Weapon Shop.
  8876 | D:7      | Reached skill level 7 in Long Blades
  8902 | D:7      | Reached XP level 9. HP: 66/79 MP: 11/11
  9353 | D:7      | Reached skill level 8 in Long Blades
  9586 | D:7      | Reached *** piety under Okawaru
  9905 | D:7      | Reached skill level 9 in Long Blades
  9949 | D:7      | Killed a two-headed ogre
  9949 | D:7      | Reached skill level 10 in Long Blades
 10440 | D:7      | Identified a potion of resistance
 10444 | D:7      | Found an ornate altar of the Wu Jian Council.
 10607 | D:6      | Reached skill level 1 in Bows
 10766 | D:7      | Slain by a seven-headed hydra

Vanquished Creatures
  A two-headed ogre (D:7)
  A hippogriff (D:7)
  The ghost of Gorglomux the Skirmisher, an amateur HOWz (Sewer)
  Duvessa (D:6)
  A water moccasin (D:7)
  2 sky beasts
  2 ice beasts
  4 ogres
  A centaur (D:7)
  The ghost of Dominolapin the Shooter, an amateur BaAM of Ru (D:3)
  A bullfrog (D:7)
  A big kobold (Sewer)
  Dowan (D:6)
  2 scorpions
  5 killer bees (D:7)
  3 wights (D:7)
  2 howler monkeys
  A crimson imp (D:7)
  2 bullfrog zombies
  An orc priest (D:2)
  A bullfrog skeleton (D:5)
  A centaur skeleton (D:6)
  2 hounds
  2 jellies
  4 orc wizards
  An iguana (D:5)
  3 worker ants
  A hound zombie (D:7)
  A worker ant zombie (D:5)
  Robin (D:2)
  3 gnolls (D:4)
  A howler monkey skeleton (D:3)
  8 adders
  4 river rats
  A shadow imp (D:5)
  3 oozes
  3 adder skeletons
  7 worms
  2 dart slugs
  7 leopard geckos
  15 orcs
  5 bats
  9 giant cockroaches
  15 goblins
  9 hobgoblins (D:2)
  12 jackals
  A quokka (D:2)
  5 ball pythons
  6 frilled lizards
  A giant cockroach zombie (D:5)
  2 goblin zombies (D:6)
  A jackal skeleton (D:4)
  10 kobolds
  2 leopard gecko skeletons (D:5)
  2 quokka skeletons
  A quokka zombie (D:6)
  11 rats
197 creatures vanquished.
